 Dungeon Crawl Stone Soup version 0.27-a0-1278-g6cbc8dfb29 (webtiles) character file.

Game seed: 6474440154587016632

1351 Zonian the Conjurer (level 8, -1/58 HPs)
             Began as a Human Conjurer on June 12, 2021.
             Was a Follower of Nemelex Xobeh.
             Killed from afar by a steam dragon (13 damage)
             ... with a ball of steam
             ... on level 6 of the Dungeon.
             The game lasted 00:15:18 (17470 turns).

Zonian the Conjurer (Human Conjurer)               Turns: 17470, Time: 00:15:19

Health: -1/58      AC:  4    Str:  7    XL:     8   Next: 94%
Magic:  1/14       EV: 12    Int: 20    God:    Nemelex Xobeh [*.....]
Gold:   273        SH:  3    Dex: 13    Spells: 9/15 levels left

rFire    . . .     SeeInvis .   g - +3 dagger (venom)
rCold    . . .     Faith    .   r - +0 buckler
rNeg     . . .     Spirit   .   a - +0 robe
rPois    .         Reflect  .   (no helmet)
rElec    .         Harm     .   q - +0 cloak
rCorr    .         Rampage  .   v - +0 pair of gloves
Will     .....                  (no boots)
Stlth    +++.......             (no amulet)
HPRegen  0.19/turn              (no ring)
MPRegen  0.14/turn              (no ring)

@: no status effects
A: no striking features
a: Renounce Religion, Draw Escape, Draw Destruction, Draw Summoning


You were on level 6 of the Dungeon.
You worshipped Nemelex Xobeh.
Nemelex Xobeh was aware of your devotion.
You visited 2 branches of the dungeon, and saw 7 of its levels.

You collected 273 gold pieces.

Inventory:

Hand Weapons
 c - a +0 short sword of protection
 g - a +3 dagger of venom (weapon)
 p - a +1 short sword of speed
 u - a +0 quarterstaff
 x - a +0 hunting sling
Missiles
 h - 6 silver javelins
 m - 17 poisoned darts
Armour
 a - a +0 robe (worn)
 e - a +0 cloak
 q - a +0 cloak (worn)
 r - a +0 buckler (worn)
 v - a +0 pair of gloves (worn)
Magical Staves
 o - a staff of earth
Jewellery
 j - an amulet of the acrobat
Wands
 s - a wand of iceblast (7)
 t - a wand of flame (34)
Scrolls
 l - a scroll of silence
Potions
 b - a potion of lignification {unknown}
 d - 3 potions of flight
 f - a potion of might {unknown}
 i - 2 potions of mutation
 k - a potion of haste {unknown}
 n - 2 potions of curing
 z - a potion of attraction


   Skills:
 + Level 3.3 Fighting
 + Level 2.9 Short Blades
 + Level 4.0 Dodging
 + Level 4.9 Stealth
 + Level 4.3 Spellcasting
 + Level 6.1 Conjurations
 + Level 2.7 Earth Magic


You had 9 spell levels left.
You knew the following spells:

 Your Spells              Type           Power      Damage    Failure   Level
a - Magic Dart            Conj           100%       1d8       1%          1
b - Searing Ray           Conj           58%        3d5       2%          2
c - Stone Arrow           Conj/Erth      44%        3d9       10%         3

Your spell library contained the following spells:

 Spells                   Type           Power      Damage    Failure   Level
 Sandblast                Erth           30%        2d9       7%          1
 Dazzling Flash           Conj/Hex       32%        N/A       17%         3
 Passwall                 Tmut/Erth      7%         N/A       19%         2
 Beastly Appendage        Tmut           8%         N/A       21%         1
 Summon Small Mammal      Summ           16%        N/A       21%         1
 Call Imp                 Summ           4%         N/A       30%         2
 Wereblood                Tmut           4%         N/A       30%         2
 Fulminant Prism          Conj/Hex       8%         3d7       50%         4
 Iskenderun's Mystic Bla  Conj/Tloc      16%        2d5       50%         4
 Call Canine Familiar     Summ           4%         N/A       52%         3
 Spider Form              Tmut/Pois      2%         N/A       52%         3
 Summon Guardian Golem    Hex/Summ       4%         N/A       52%         3
 Petrify                  Tmut/Erth      9%         N/A       75%         4
 Lee's Rapid Deconstruct  Erth           7%         3d8*      88%         5
 Ice Form                 Ice/Tmut       4%         N/A       90%         4
 Summon Ice Beast         Ice/Summ       4%         N/A       90%         4
 Summon Lightning Spire   Summ/Air       4%         N/A       90%         4


Dungeon Overview and Level Annotations

Branches:
Dungeon (6/15)             Temple (1/1) D:4

Altars:
Ashenzari
Cheibriados
Dithmenos
Elyvilon
Fedhas
Gozag
Hepliaklqana
Kikubaaqudgha
Nemelex Xobeh
Qazlal
Vehumet
Xom

Annotations:
D:2 1 runed translucent door, Crazy Yiuf
D:5 2 transporters, IdlyInterested's ghost, novice TeAr


Message History

The steam dragon breathes steam at you. The ball of steam hits you!!
The searing ray misses the steam dragon.
You are engulfed in a cloud of scalding steam.
Unknown command.
The searing ray misses the steam dragon.
You are engulfed in a cloud of scalding steam.
The steam dragon breathes steam at you. The ball of steam hits you!
* * * LOW HITPOINT WARNING * * *
Unknown command.
You finish channeling your searing ray.
Unknown command.
Casting: Searing Ray (safe; 2% risk of failure)
Confirm with . or Enter, or press ? or * to list all spells.
Aiming: Searing Ray (safe; 2% risk of failure)
Press: ? - help, Shift-Dir - straight line, f - scorpion
Aim: a scorpion (moderately wounded, 79% to hit)
The searing ray hits the scorpion!
The scorpion is almost dead. (Press . to maintain the ray.) Unknown command.
The searing ray hits the scorpion!
You kill the scorpion!
Your Dodging skill increases to level 4!
Unknown command.
Casting: Searing Ray (safe; 2% risk of failure)
Confirm with . or Enter, or press ? or * to list all spells.
Aiming: Searing Ray (safe; 2% risk of failure)
Press: ? - help, Shift-Dir - straight line, f - steam dragon
Aim: a steam dragon (almost dead, catching its breath, 79% to hit)
The searing ray hits the steam dragon.
The steam dragon is almost dead. (Press . to maintain the ray.) Unknown command.
The searing ray misses the steam dragon.
The steam dragon breathes steam at you. The ball of steam hits you!
You die...
Your body disappears without a glow.

# #.#.#..####.#
#.#.#.#.......#
#.....#########
###....#
#####.########
#.............
.########.##..........
......§...............
....§D§@#.............
.......##[.[..........
.###### #......#......
##.##.##..<... #.####
###### .. ..


You could see a steam dragon (catching breath).

Vanquished Creatures
  A hornet (D:5)
  Menkaure (D:4)
  A water moccasin (D:5)
  An ogre (D:4)
  A sky beast (D:5)
  A necrophage (D:5)
  4 scorpions
  2 bullfrog zombies (D:5)
  A hound (D:5)
  Ijyb (D:4)
  An orc wizard (D:3)
  An iguana (D:3)
  A hound zombie (D:5)
  Robin (D:1)
  7 gnolls
  6 adders
  A shadow imp (D:6)
  An ufetubus (D:6)
  2 adder skeletons
  4 dart slugs
  11 orcs
  6 endoplasms
  3 giant cockroaches
  14 hobgoblins
  4 jackals (D:4)
  5 quokkas
  3 ball pythons
  10 bats
  4 frilled lizards
  17 goblins
  10 kobolds
  4 rats
130 creatures vanquished.

Notes
Turn   | Place    | Note
-------+----------+-------------------------------------------
     0 | D:1      | Zonian the Human Conjurer began the quest for the Orb.
     0 | D:1      | Reached XP level 1. HP: 13/13 MP: 3/3
  1160 | D:1      | Reached XP level 2. HP: 19/19 MP: 0/5
  2163 | D:1      | Reached XP level 3. HP: 24/24 MP: 0/6
  3154 | D:1      | Found a faded altar of an unknown god.
  4084 | D:2      | Learned a level 2 spell: Searing Ray
  4086 | D:2      | You fall into a shaft and drop 2 floors!
  4524 | D:4      | Noticed Menkaure
  4617 | D:4      | Reached XP level 4. HP: 30/30 MP: 3/7
  5323 | D:2      | Noticed Robin
  5779 | D:1      | Killed Robin
  6857 | D:2      | Reached XP level 5. HP: 36/36 MP: 2/9
  8325 | D:2      | Found a runed translucent door.
  8326 | D:2      | Noticed Crazy Yiuf
  9050 | D:3      | Reached skill level 1 in Fighting
  9050 | D:3      | Reached skill level 5 in Conjurations
  9524 | D:3      | Reached XP level 6. HP: 43/43 MP: 3/10
 12171 | D:4      | Learned a level 3 spell: Stone Arrow
 12546 | D:4      | Killed Menkaure
 12547 | D:4      | Reached skill level 1 in Short Blades
 12547 | D:4      | Reached skill level 1 in Earth Magic
 12547 | D:4      | Reached XP level 7. HP: 6/49 MP: 3/12
 13139 | D:4      | Found a staircase to the Ecumenical Temple.
 13148 | Temple   | Entered the Ecumenical Temple
 13207 | Temple   | Became a worshipper of Nemelex Xobeh the Trickster
 13616 | D:4      | Noticed Ijyb
 13626 | D:4      | Killed Ijyb
 14515 | D:5      | Entered Level 5 of the Dungeon
 14793 | D:5      | Noticed a hornet
 14796 | D:5      | Found a broken altar of Ashenzari.
 14805 | D:5      | Noticed a water moccasin
 14818 | D:5      | Killed a water moccasin
 14819 | D:5      | Reached XP level 8. HP: 39/57 MP: 13/13
 15033 | D:5      | Found a stormy altar of Qazlal.
 15325 | D:5      | Found a transporter.
 15327 | D:5      | Noticed IdlyInterested's ghost (novice TeAr)
 15342 | D:5      | Found a transporter.
 16400 | D:5      | Reached skill level 6 in Conjurations
 16658 | D:5      | Reached * piety under Nemelex Xobeh
 16726 | D:5      | Received a gift from Nemelex Xobeh
 16923 | D:5      | Killed a hornet
 17470 | D:6      | Killed from afar by a steam dragon

Illustrated notes

Levels and vault maps discovered:
D:1:      wander_arrival_abandoned_jail, layout_rooms,
          shapermc_ecumenical_altar_totnotflames
D:2:      layout_rooms, glass_columns_a, chequers_garden,
          uniq_crazy_yiuf_cottage, uniq_robin
D:3:      layout_loops_ring, st_stairs_13, kennysheep_generic_room_2
D:4:      layout_basic, minmay_temple_entry_offerings, minmay_cupped,
          uniq_menkaure, uniq_ijyb
D:5:      layout_basic, grunt_qazlal_clouds, lemuel_doored_altar,
          gammafunk_ghost_stat_death
D:6:      lemuel_slime, layout_loops_cross, lemuel_tele_altar,
          chequers_temple_overflow_statue_of_worship,
          nicolae_sif_muna_condensation
Temple:   eino_wide_crystal_templ

Skill      XL: |  1  2  3  4  5  6  7  8 |
---------------+-------------------------+-----
Stealth        | 3 4 |  4.9
Fighting       | 1 2 3 |  3.3
Conjurations   | 5 6 |  6.1
Spellcasting   | 3 4 |  4.3
Short Blades   | 1 2 |  2.9
Earth Magic    | 1 2 |  2.7
Dodging        | 3 4 |  4.0

Action                   |  1- 3 |  4- 6 |  7- 9 || total
-------------------------+-------+-------+-------++-------
Melee: Unarmed           |     6 |       |       ||     6
       Short sword       |       |     7 |       ||     7
       Dagger            |       |     7 |    41 ||    48
Throw: Javelin           |       |     1 |       ||     1
 Cast: Magic Dart        |    75 |    94 |    46 ||   215
       Searing Ray       |       |    21 |    17 ||    38
  Use: Scroll            |     4 |     3 |     6 ||    13
 Stab: Sleeping          |       |       |     6 ||     6
Armor: Robe              |    10 |    19 |    11 ||    40
Dodge: Dodged            |    18 |    40 |    29 ||    87
Block: Buckler           |       |       |     5 ||     5

Table legend: (Time is in decaauts)
 A = Elapsed time spent in this place.
 B = Non-inter-level travel time spent in this place.
 C = Inter-level travel time spent in this place.
 D = Time resting spent in this place.
 E = Time spent auto-exploring this place.
 F = Levels seen in this place.
 G = Mean time per level.
                   A        B        C        D        E       F      G
               +--------+--------+--------+--------+--------+-----+--------+
         Total |  17482 |  17239 |    243 |  12827 |   2928 |   7 | 2497.4 |
       Dungeon |  17409 |  17180 |    229 |  12827 |   2892 |   6 | 2901.5 |
        Temple |     73 |     59 |     14 |      0 |     36 |   1 |   73.0 |
               +--------+--------+--------+--------+--------+-----+--------+

Top non-repeatable levels by time:
     D:1: 4727 daAuts
     D:2: 3706 daAuts
     D:4: 3388 daAuts
     D:5: 2898 daAuts
     D:3: 2629 daAuts
  Temple: 73 daAuts
     D:6: 59 daAuts
